Map: 乌雷纳

Players

平步青云 - Winner!

  • Race: Terran Terran

电脑难度(新手)

  • Race: Terran Terran

VOD

Have the link to the VOD?

Description

Time

  • Played on: Dec. 26, 2015, 8:17 a.m.
  • Length: 12:41
Show
View Real Time Build Order
Export as new Build Order

平步青云 Terran - Winner!

Build Orders:  

Get SALT Encoding   

  12  0:01  SCV  
  13  0:13  SCV  
  14  0:22  Supply Depot  
  14  0:25  SCV  
  15  0:41  Refinery  
  15  0:43  SCV  
  16  0:51  Barracks  
  16  0:55  SCV  
  17  1:08  SCV  
  18  1:22  SCV  
  19  1:34  SCV  
  19  1:39  Marine  
  20  1:43  Supply Depot  
  21  1:52  Refinery  
  21  1:53  SCV  
  22  1:57  Marine  
  23  2:04  Factory  
  23  2:07  SCV  
  24  2:15  Marine  
  24  2:21  SCV  
  26  2:31  Engineering Bay  
  26  2:33  Marine  
  27  2:46  SCV  
  28  3:00  Command Center  
  28  3:08  Factory Tech Lab  
  28  3:09  Barracks Tech Lab  
  28  3:17  Supply Depot  
  28  3:26  Orbital Command  
  28  3:36  Siege Tank  
  28  3:39  Supply Depot  
  31  3:42  Combat Shields  
  31  3:45  Marauder  
  33  4:07  Marauder  
  35  4:22  SCV  
  35  4:23  SCV  
  37  4:28  Reaper  
  38  4:34  SCV  
  38  4:35  SCV  
  40  4:40  Cyclone  
  43  4:46  SCV  
  43  4:47  SCV  
  43  4:52  Missile Turret  
  45  4:58  SCV  
  45  4:59  SCV  
  47  5:11  SCV, Sensor Tower  
  48  5:22  Starport  
  48  5:29  Armory  
  48  5:31  SCV  
  49  5:37  SCV  
  49  5:40  Refinery  
  50  5:43  SCV  
  50  5:45  Refinery  
  50  5:49  SCV  
  52  5:55  SCV  
  53  5:59  Marauder  
  53  6:01  SCV, Starport Tech Lab  
  56  6:07  SCV  
  57  6:19  SCV, Orbital Command  
  58  6:31  SCV  
  58  6:44  SCV  
  59  6:51  Reaper  
  60  7:06  Fusion Core  
  60  7:55  Ghost Academy  
  60  8:09  Supply Depot  
  60  8:22  Raven  
  60  8:32  Supply Depot  
  60  8:55  Supply Depot  
  60  9:18  Supply Depot  
  60  9:27  Battlecruiser  
  66  9:40  Supply Depot  
  66  9:43  Thor  
  72  10:14  Liberator  
Show
View Real Time Build Order
Export as new Build Order

电脑难度(新手) Terran 

Build Orders:  

Get SALT Encoding   

  12  0:00  SCV  
  13  0:13  SCV  
  14  0:20  Supply Depot  
  14  0:36  Refinery  
  14  0:45  Barracks  
  14  1:04  Supply Depot  
  14  1:13  Refinery  
  14  1:33  Marine  
  14  1:34  Orbital Command  
  15  1:52  Barracks Tech Lab  
  15  2:00  SCV  
  16  2:12  SCV  
  17  2:16  Marine  
  18  2:24  SCV  
  19  2:36  SCV  
  20  2:48  SCV  
  21  2:59  Marauder  
  21  3:01  SCV  
  24  6:29  SCV  
  24  6:30  Marine  
  24  6:32  Supply Depot  
  26  6:35  Factory  
  26  6:39  Command Center  
  26  6:41  SCV  
  23  6:53  SCV  
  24  6:56  Supply Depot  
  23  7:04  Marine  
  23  7:05  SCV  
  22  7:17  SCV  
  22  7:22  Starport  
  19  7:23  Command Center  
  19  7:29  SCV  
  14  7:34  Hellion  
  11  7:41  SCV  
  5  7:52  Command Center  
  5  7:54  SCV  
  5  8:00  Starport Tech Lab  
  5  8:02  Hellion  
  4  8:19  Raven  
  5  9:05  Orbital Command  
  5  9:08  Refinery  
  3  9:30  SCV  
  2  9:43  SCV  
  3  9:49  Refinery  
  3  9:55  SCV  
  3  9:59  Command Center  
  3  10:07  SCV  
  3  10:15  Supply Depot  
  3  10:19  SCV  
  3  10:31  SCV  
  3  10:42  Barracks  
  3  10:43  SCV  
  3  10:55  SCV  
  3  11:07  SCV  
  2  11:19  SCV  
Tags
 
Matchup
TvT
Race
Terran
Replay Pack
中心协议 (3)
Add a new tag
Caveats
  • Supply blocks, unpowered buildings, or Contaminate may cause inaccurate times.
  • Supply counts are checked every 10 seconds.